 Dungeon Crawl Stone Soup version 0.29-a0-330-g52719c12eb (webtiles) character file.

Game seed: 791265852375133075

6 kae the Firebug (level 1, -3/14 HPs)
             Began as a Demigod Fire Elementalist on Apr 19, 2022.
             Frozen to death by an endoplasm (4 damage)
             ... on level 1 of the Dungeon.
             The game lasted 00:00:11 (131 turns).

kae the Firebug (Demigod Fire Elementalist)          Turns: 131, Time: 00:00:11

Health: -3/14      AC:  2    Str:  9    XL:     1   Next: 60%
Magic:  3/5        EV: 12    Int: 17    God:
Gold:   0          SH:  0    Dex: 14    Spells: 2/3 levels left

rFire   . . .      SeeInvis .   (no weapon)
rCold   . . .      Faith    .   (no shield)
rNeg    . . .      Spirit   .   a - +0 robe
rPois   .          Reflect  .   (no helmet)
rElec   .          Harm     .   (no cloak)
rCorr   .          Rampage  .   (no gloves)
Will    .....                   (no boots)
Stlth   ++........              (no amulet)
HPRegen 0.04/turn               (no ring)
MPRegen 0.09/turn               (no ring)

@: very slightly contaminated
A: high MP 1, forlorn, divine attributes
a: no special abilities


You were on level 1 of the Dungeon.
You visited 1 branch of the dungeon, and saw 1 of its levels.

Inventory:

Armour
 a - a +0 robe (worn)
Scrolls
 c - a scroll of fog {unknown}
 d - a scroll of fear {unknown}
 f - a scroll of torment {unknown}


   Skills:
 - Level 1.7 Dodging
 - Level 1.7 Stealth
 + Level 1.9 Spellcasting
 + Level 1.1 Conjurations
 * Level 2.9 Fire Magic


You had 2 spell levels left.
You knew the following spells:

 Your Spells              Type           Power      Damage    Failure   Level
a - Foxfire               Conj/Fire      32%        2x1d5     9%          1

Your spell library contained the following spells:

 Spells                   Type           Power      Damage    Failure   Level
 Scorch                   Fire           22%        2d6       9%          2
 Animate Skeleton         Necr           2%         N/A       21%         1
 Apportation              Tloc           2%         N/A       21%         1
 Summon Small Mammal      Summ           4%         N/A       21%         1
 Conjure Flame            Conj/Fire      8%         6-21      26%         3
 Inner Flame              Hex/Fire       6%         N/A       32%         3
 Flame Wave               Conj/Fire      8%         2d5       63%         4


Dungeon Overview and Level Annotations

Branches:
Dungeon (1/15)


Innate Abilities, Weirdness & Mutations

You have an increased reservoir of magic. (+10% MP)
You shall have no god before yourself.
Your divine heritage dramatically boosts your attributes as you level up.


Message History

Casting: Foxfire (safe; 9% risk of failure)
Confirm with . or Enter, or press ? or * to list all spells.
You conjure some foxfire!
The jackal bites you. The dart slug launches a dart at you.
The slug dart hits you. The endoplasm freezes you.
You are frozen.
The foxfire hits the dart slug.
The dart slug is moderately wounded.
The foxfire hits the frilled lizard.
The frilled lizard is heavily wounded.
The jackal misses you. The endoplasm hits you. The frilled lizard misses you.
Casting: Foxfire (safe; 9% risk of failure)
Confirm with . or Enter, or press ? or * to list all spells.
You conjure some foxfire!
The jackal closely misses you.
The dart slug bites you but does no damage.
The jackal pauses to sniff the ground.
The jackal bites you but does no damage.
The endoplasm misses you. The frilled lizard bites you.
* * * LOW HITPOINT WARNING * * *
The foxfire hits the frilled lizard.
You kill the frilled lizard!
The foxfire hits the jackal.
You kill the jackal!
The dart slug bites you.
* * * LOW HITPOINT WARNING * * *
The endoplasm barely misses you.
Casting: Foxfire (safe; 9% risk of failure)
Confirm with . or Enter, or press ? or * to list all spells.
You conjure some foxfire!
The dart slug launches a dart at you. The slug dart misses you.
The endoplasm hits you but does no damage.
The foxfire hits the dart slug but does no damage.
The dart slug is moderately wounded.
The foxfire hits the dart slug.
The dart slug is heavily wounded.
The endoplasm freezes you.
You are frozen.
You die...

##.........####....
##........########..
#.......####....###.
##......###........##
#.......##...###...##
##......###..#+###...#
#.......##..###.<##..#
#...§..###..###.##..##
##...†@.###...##.....##
.
#....Jw..##....#######.
..
#........###....####...
h.. #........#
##.......... .#g.
##.)......# ####......#
.w... #....>.....#
########
......#..........#
#................
#......#..........


You could see a dart slug and an endoplasm.

Vanquished Creatures
  A ball python (D:1)
  A goblin (D:1)
  A hobgoblin (D:1)
  A jackal (D:1)
  A frilled lizard (D:1)
5 creatures vanquished.

Vanquished Creatures (others)
  20 foxfires (D:1)
20 creatures vanquished.

Grand Total: 25 creatures vanquished

Notes
Turn   | Place    | Note
-------+----------+-------------------------------------------
     0 | D:1      | kae the Demigod Fire Elementalist began the quest for the
                  | Orb.
     0 | D:1      | Reached XP level 1. HP: 14/14 MP: 5/5
   117 | D:1      | Reached skill level 1 in Conjurations
   131 | D:1      | Frozen to death by an endoplasm

Illustrated notes

Levels and vault maps discovered:
D:1:      dpeg_arrival_snail, layout_rooms, serial_forest,
          infiniplex_forest_lined_3, infiniplex_forest_clump_medium,
          infiniplex_forest_clump_medium, infiniplex_forest_clump_diagonal,
          infiniplex_forest_corner_1, infiniplex_forest_diagonal,
          infiniplex_forest_lined_room_3, infiniplex_forest_join,
          infiniplex_forest_straight_4, minmay_domino_4

Skill      XL: |  1 |
---------------+----+-----
Conjurations   | 1 |  1.1
Dodging        | |  1.7
Stealth        | |  1.7
Spellcasting   | |  1.9
Fire Magic     | |  2.9

Action                   || total
-------------------------++-------
 Cast: Foxfire           ||    10
  Use: Potion            ||     2
Armor: Robe              ||     4
Dodge: Dodged            ||    18

Table legend: (Time is in decaauts)
 A = Elapsed time spent in this place.
 B = Non-inter-level travel time spent in this place.
 C = Inter-level travel time spent in this place.
 D = Time resting spent in this place.
 E = Time spent auto-exploring this place.
 F = Levels seen in this place.
 G = Mean time per level.
                   A        B        C        D        E       F      G
               +--------+--------+--------+--------+--------+-----+--------+
         Total |    131 |    131 |      0 |      0 |     91 |   1 |  131.0 |
       Dungeon |    131 |    131 |      0 |      0 |     91 |   1 |  131.0 |
               +--------+--------+--------+--------+--------+-----+--------+

Top non-repeatable levels by time:
     D:1: 131 daAuts
